 Dungeon Crawl Stone Soup version 0.20.0-15-g7f486f2 (webtiles) character file.

105723 Inarius the Geomancer (level 16, -9/90 HPs)
             Began as a Gargoyle Earth Elementalist on June 23, 2017.
             Was the Champion of Hepliaklqana.
             Killed by Shatter
             ... invoked by Jorgrun
              (99 damage)
             ... on level 2 of the Spider Nest on June 25, 2017.
             The game lasted 03:10:04 (36129 turns).

Inarius the Geomancer (GrEE)                       Turns: 36129, Time: 03:10:09

Health: -9/90      AC: 45    Str: 13    XL:     16   Next: 42%
Magic:  32/32      EV:  8    Int: 32    God:    Hepliaklqana [******]
Gold:   623        SH:  4    Dex:  8    Spells: 21/39 levels left

rFire    . . .     SeeInvis .   E - staff of wizardry
rCold    . . .     Gourm    .   L - +0 buckler
rNeg     + . .     Faith    .   h - +6 chain mail
rPois    ∞         Spirit   .   K - +2 hat {Int+3}
rElec    +         Reflect  .   y - +2 cloak
rCorr    .         Harm     .   U - +1 pair of gloves of the Komodo Dragon {Int+7}
MR       ++...                  W - +2 pair of boots
Stlth    ..........             s - amulet of magic regeneration
Regen    0.3/turn               u - +5 ring of protection
MPRegen  0.4/turn               i - ring of wizardry

@: no status effects
A: reduced essence, big wings, camouflage 1, clumsy 1, magic resistance 1,
mutation resistance 1, negative energy resistance 1, electricity resistance,
wild magic 3, unbreathing, petrification resistance, rot immunity, AC +11
a: Fly, Recall Ancestor, Ancestor Identity, Transference, Idealise, Renounce
Religion


You were on level 2 of the Spider Nest.
You worshipped Hepliaklqana.
Hepliaklqana was exalted by your worship.
You were not hungry.

You visited 5 branches of the dungeon, and saw 26 of its levels.
You also visited: Ice Cave.

You collected 2627 gold pieces.
You spent 2004 gold pieces at shops.

Inventory:

Hand Weapons
 a - a +4 quarterstaff of chaos
Missiles
 P - 20 stones (quivered)
Armour
 h - a +6 chain mail (worn)
 y - a +2 cloak (worn)
 I - +0 acid dragon scales
 K - a +2 hat of intelligence (worn)
 L - a +0 buckler (worn)
 U - the +1 pair of gloves of the Komodo Dragon (worn) {Int+7}
   (You found it in an ice cave)

   It affects your intelligence (+7).
 W - a +2 pair of boots (worn)
Magical Staves
 b - an uncursed staff of conjuration
 x - an uncursed staff of power
 z - an uncursed staff of energy
 E - an uncursed staff of wizardry (weapon)
Jewellery
 i - a ring of wizardry (right hand)
 s - an amulet of magic regeneration (around neck)
 u - a +5 ring of protection (left hand)
 w - a +3 amulet of reflection
 O - an uncursed ring of ice
Wands
 g - a wand of polymorph (14/24)
 v - a wand of scattershot (5/9)
 C - a wand of flame (24/48)
 H - a wand of confusion (19/48)
 T - a wand of disintegration (17/24)
 X - a wand of lightning (7/15)
Scrolls
 e - 4 scrolls of remove curse
 m - 13 scrolls of teleportation
 p - 5 scrolls of blinking
 q - 4 scrolls of fog
 r - a scroll of immolation
 A - 2 scrolls of fear
 D - 7 scrolls of magic mapping
 J - 3 scrolls of recharging
 M - 2 scrolls of enchant weapon
 V - a scroll of enchant armour
 Z - a scroll of torment
Potions
 c - 2 potions of brilliance
 j - 2 potions of cancellation
 l - 9 potions of haste
 n - 3 potions of curing
 o - 4 potions of agility
 t - 8 potions of lignification
 B - 3 potions of might
 F - 2 potions of invisibility
 G - 3 potions of berserk rage
 R - a potion of resistance
Miscellaneous
 f - a phial of floods
 Q - a crystal ball of energy
Comestibles
 d - 10 bread rations
 k - 14 royal jellies
 N - 12 meat rations
 S - 8 fruits


   Skills:
 + Level 11.3 Fighting
   Level 0.5 Short Blades
 - Level 1.0 Staves
 - Level 10.1 Armour
 + Level 6.1 Dodging
 - Level 2.1 Stealth
 - Level 4.0 Shields
 - Level 12.0 Spellcasting
 + Level 12.4 Conjurations
 * Level 4.8 Charms
 * Level 4.7 Necromancy
 * Level 5.5 Transmutations
 + Level 14.1 Earth Magic
 - Level 5.3 Invocations
 - Level 5.1 Evocations


You had 21 spell levels left.
You knew the following spells:

 Your Spells              Type           Power        Failure   Level  Hunger
a - Summon Butterflies    Summ           #####...     22%         1    None
b - Stone Arrow           Conj/Erth      ######       1%          3    None
c - Lee's Rapid Deconstr  Erth           ########..   3%          5    #......
d - Petrify               Tmut/Erth      ########     6%          4    None
e - Passwall              Tmut/Erth      ########..   1%          2    None
f - Regeneration          Chrm/Necr      #######...   12%         3    None


Dungeon Overview and Level Annotations

Branches:
Dungeon (15/15)            Temple (1/1) D:5            Lair (6/6) D:11
  Swamp (0/4) Lair:3       Spider (2/4) Lair:4        Slime (0/5) Lair:6
    Orc (2/2) D:9             Elf (0/3) Orc:2        Vaults (0/5) D:14
 Depths (0/5) D:15

Altars:
Ashenzari
Cheibriados
Dithmenos
Elyvilon
Fedhas
Gozag
Hepliaklqana
Kikubaaqudgha
Makhleb
Nemelex Xobeh
Okawaru
Qazlal
Ru
Sif Muna
Trog
Uskayaw
Vehumet
Xom
Yredelemnul
Zin
The Shining One
Beogh
Jiyva

Shops:
D:5 (   D:10 ?   Orc:2 =!%[

Annotations:
Lair:4 greprep's ghost, journeyman MiFi
Spider:2 Jorgrun


Innate Abilities, Weirdness & Mutations

You are resistant to torment.
Your stone body is resilient. (AC +11)
You are immune to poison.
Your large and strong wings let you fly indefinitely.
You resist negative energy. (rN+)
You are resistant to electric shocks. (rElec)
You can survive without breathing.
You are immune to petrification.
You are immune to rotting.
Your life essence is reduced. (-10% HP)
Your skin changes colour to match your surroundings (Stealth+).
You are clumsy. (Dex -2)
You are resistant to hostile enchantments. (MR+)
You are somewhat resistant to further mutation.
Your spells are much harder to cast, but much more powerful.


Message History

The stone arrow hits the tarantella.
You kill the tarantella!
You see here a tarantella corpse.
You butcher the tarantella corpse.
Y - a chunk of flesh Eat a chunk of flesh? (ye/n/q)
You eat the chunk of flesh.
This raw flesh tastes terrible.
There is a stone staircase leading down here.
You see here 5 inedible chunks of flesh.
You start resting.
Magic restored.
You start resting.
HP restored.
You climb downwards.
Level annotation: Jorgrun Jorgrun casts a spell.
The dungeon rumbles around Jorgrun!
You shudder from the earth-shattering force.
Ouch! That really hurt!
You die...

. .. ## .#
##.# ..
#... .#
#...##/#
#.@..#
#..#R......
#...
.....#.
.....
......#
.......
.....##
....#..
##...g.
..##.#.
###.# .#
### ##


You could see the friendly Onaxys the knight and Jorgrun.

Vanquished Creatures
  Gastronok (Lair:1)
  Erolcha (D:12)
  3 hydras
  A merfolk avatar (Lair:6)
  An alligator (Lair:1)
  A death knight (D:14)
  7 two-headed ogres
  A centaur warrior (D:11)
  3 death yaks (Lair:5)
  2 orc high priests (Orc:2)
  A fire crab (Lair:4)
  A skeletal warrior (D:15)
  A deep elf mage (D:13)
  4 orc knights
  2 necromancers
  7 ugly things
  5 orb spiders
  3 wolf spiders
  2 manticores
  4 orc sorcerers
  A sphinx skeleton (D:15)
  5 black mambas
  Maurice (D:9)
  13 elephants
  3 gargoyles
  2 ice statues (IceCv)
  A molten gargoyle (Lair:2)
  2 centaur skeletons
  7 spiny frogs
  An efreet (D:14)
  4 rime drakes (Lair:6)
  3 komodo dragons
  A demonic crawler (Spider:1)
  3 ice devils (IceCv)
  7 trolls
  5 jumping spiders (Spider:1)
  5 polar bears
  6 blink frogs
  A wind drake (Lair:6)
  3 hornets
  4 hippogriffs
  4 slime creatures
  A deep troll zombie (D:15)
  A centaur simulacrum (D:15)
  6 tarantellas (Spider:1)
  2 redbacks (Spider:1)
  A wraith (D:13)
  12 yaks
  A wyvern (Lair:4)
  2 hungry ghosts
  Grum (Lair:1)
  A fire elemental (Lair:2)
  9 vampire mosquitoes
  2 wargs (Orc:1)
  A hell hound (D:11)
  6 water moccasins
  3 black bears
  2 porcupines
  A swamp drake (D:9)
  22 orc warriors
  4 ice beasts
  3 sky beasts
  A necrophage (D:13)
  2 phantoms
  4 ogres
  3 centaurs
  33 wolves
  6 crocodiles
  2 big kobolds
  7 bullfrogs
  4 scorpions
  A killer bee (D:11)
  2 wights (D:6)
  3 howler monkeys
  3 electric eels (D:9)
  4 crimson imps
  3 bullfrog zombies
  2 draconian simulacra (IceCv)
  4 centaur zombies
  6 jellies
  28 orc priests
  2 quasits
  Crazy Yiuf (D:3)
  3 hounds
  A bullfrog skeleton (D:13)
  Terence (D:3)
  2 iguanas
  9 worker ants
  Natasha (twice) (D:2)
  A hell rat (Lair:6)
  28 orc wizards
  2 troll simulacra (IceCv)
  A hound skeleton (D:4)
  A howler monkey zombie (D:11)
  8 adders
  3 naga simulacra (IceCv)
  2 ogre simulacra (IceCv)
  An adder zombie (D:7)
  7 worms
  2 dart slugs
  5 leopard geckos
  92 orcs
  5 giant cockroaches
  7 goblins
  7 hobgoblins
  5 jackals
  21 kobolds
  8 quokkas
  2 ball pythons
  5 bats
  3 frilled lizards (D:2)
  9 rats
  A fungus (Lair:6)
579 creatures vanquished.

Vanquished Creatures (collateral kills)
  2 orc warlords (Orc:1)
  The ghost of Wanze the Fighter, a journeyman DrHu of Qazlal (D:12)
  A vault guard (D:14)
  3 hydras
  A centaur warrior (D:14)
  A two-headed ogre (D:13)
  A death knight (D:14)
  A tengu warrior (D:15)
  2 orc high priests
  3 death yaks
  A skeletal warrior (D:15)
  A flayed ghost (D:15)
  A deep elf archer (D:14)
  A harpy (Lair:6)
  6 ugly things
  An orb spider (Spider:1)
  An orc knight (Orc:2)
  2 cyclopes
  2 orc sorcerers (Orc:2)
  2 wolf spiders
  2 manticores
  A deep elf mage (Orc:2)
  2 black mambas
  3 elephants
  An ice statue (IceCv)
  A frost giant skeleton (D:15)
  4 spiny frogs
  A torpor snail (Lair:3)
  A centaur skeleton (D:13)
  An elf skeleton (D:15)
  4 rime drakes
  2 demonic crawlers (Spider:1)
  A komodo dragon (Lair:6)
  5 ice devils (IceCv)
  3 polar bears
  A troll (Orc:1)
  A wind drake (Lair:6)
  A meliai (D:14)
  6 blink frogs
  A slime creature (D:13)
  A hippogriff (D:11)
  3 wyverns
  12 yaks
  A hungry ghost (D:12)
  5 wargs
  A soldier ant (D:15)
  An acid dragon (D:14)
  2 water moccasins
  A hell hound (D:11)
  A swamp drake (shapeshifter) (D:15)
  4 porcupines
  An ice beast (D:12)
  16 orc warriors
  A sky beast (D:9)
  A black bear (D:12)
  5 ogres
  12 wolves
  A centaur (D:7)
  5 crocodiles
  3 bullfrogs
  2 big kobolds
  A scorpion (Lair:4)
  2 killer bees (D:11)
  2 howler monkeys
  3 wights (D:6)
  4 electric eels (D:9)
  2 crimson imps
  A quasit (D:9)
  A draconian simulacrum (IceCv)
  A bullfrog skeleton (D:7)
  2 jellies (D:11)
  6 orc priests
  A hound (D:9)
  8 orc wizards
  2 worker ants
  An adder (D:12)
  A shadow imp (D:13)
  An adder skeleton (D:7)
  A worm (Lair:4)
  2 leopard geckos
  30 orcs
  A jackal (D:7)
  7 kobolds
  A bush (Lair:3)
  A withered plant (D:15)
237 creatures vanquished.

Vanquished Creatures (others)
  8 knights
  An orc wizard (D:9)
  2 ancestors
  2 orcs
  10 fungi
  14 plants
37 creatures vanquished.

Grand Total: 853 creatures vanquished

Notes
Turn   | Place    | Note
-------+----------+-------------------------------------------
     0 | D:1      | Inarius the Gargoyle Earth Elementalist began the quest for the Orb.
     0 | D:1      | Reached XP level 1. HP: 10/10 MP: 3/3
   692 | D:1      | Reached skill level 4 in Earth Magic
   692 | D:1      | Reached XP level 2. HP: 15/15 MP: 5/5
  1457 | D:2      | Reached skill level 1 in Armour
  1487 | D:2      | Reached XP level 3. HP: 20/20 MP: 4/6
  1866 | D:2      | Found a shimmering altar of Xom.
  1980 | D:2      | Noticed Natasha
  1983 | D:2      | Killed Natasha
  1983 | D:2      | Reached skill level 1 in Fighting
  1983 | D:2      | Reached XP level 4. HP: 18/25 MP: 3/7
  2203 | D:2      | Learned a level 3 spell: Stone Arrow
  2208 | D:2      | Found a glowing golden altar of the Shining One.
  2248 | D:2      | Noticed Natasha
  2254 | D:2      | Killed Natasha
  2863 | D:3      | Found a white marble altar of Elyvilon.
  3124 | D:3      | Reached XP level 5. HP: 23/30 MP: 2/8
  3328 | D:3      | Noticed Terence
  3349 | D:3      | Killed Terence
  3552 | D:3      | Found a runed door.
  3663 | D:3      | Reached skill level 5 in Earth Magic
  3675 | D:3      | Reached skill level 1 in Conjurations
  4088 | D:3      | Noticed Crazy Yiuf
  4104 | D:3      | Killed Crazy Yiuf
  4104 | D:3      | Reached XP level 6. HP: 36/36 MP: 5/10
  4309 | D:4      | Found a stormy altar of Qazlal.
  4753 | D:4      | Noticed an orc warrior
  4944 | D:3      | Killed an orc warrior
  4944 | D:3      | Reached XP level 7. HP: 10/41 MP: 0/12
  5285 | D:4      | Reached skill level 6 in Earth Magic
  6585 | D:4      | Reached XP level 8. HP: 47/47 MP: 1/14
  6724 | D:5      | Entered Level 5 of the Dungeon
  6738 | D:5      | Found Juru's Antique Weapon Shop.
  6953 | D:5      | Learned a level 5 spell: Lee's Rapid Deconstruction
  6958 | D:5      | Learned a level 4 spell: Petrify
  6961 | D:5      | Learned a level 2 spell: Passwall
  7177 | D:5      | Found a staircase to the Ecumenical Temple.
  7194 | Temple   | Entered the Ecumenical Temple
  7385 | Temple   | Became a worshipper of Hepliaklqana the Forgotten
  7562 | D:5      | Reached skill level 1 in Transmutations
  7936 | D:6      | Reached skill level 7 in Earth Magic
  8033 | D:6      | Reached skill level 5 in Spellcasting
  8268 | D:6      | Reached XP level 9. HP: 46/46 MP: 5/16
  8285 | D:6      | Reached skill level 1 in Staves
  8923 | D:7      | Reached skill level 5 in Fighting
  9212 | D:7      | Reached skill level 8 in Earth Magic
  9271 | D:7      | Reached * piety under Hepliaklqana
  9882 | D:8      | Reached skill level 5 in Conjurations
 10153 | D:8      | Gained mutation: You can translocate small distances at will. [mutagenic meat]
 10154 | D:8      | Gained mutation: Your skin changes colour to match your surroundings (Stealth+). [mutagenic meat]
 10155 | D:8      | Gained mutation: You possess an exceptional clarity of mind. [mutagenic meat]
 10156 | D:8      | Gained mutation: You are partially covered in iridescent scales. (AC +2) [mutagenic meat]
 10218 | D:8      | Found a shattered altar of Ashenzari.
 10385 | D:8      | Found a sacrificial altar of Ru.
 10387 | D:8      | Found a basalt altar of Yredelemnul.
 10543 | D:9      | Noticed a two-headed ogre
 10557 | D:9      | Killed a two-headed ogre
 10557 | D:9      | Reached skill level 5 in Armour
 10557 | D:9      | Reached XP level 10. HP: 26/54 MP: 2/19
 10931 | D:9      | Found a burning altar of Makhleb.
 10957 | D:9      | Reached ** piety under Hepliaklqana
 10959 | D:9      | Remembered your ancestor Onaxys as a knight
 11423 | D:9      | Found a staircase to the Orcish Mines.
 11458 | D:9      | Learned a level 3 spell: Regeneration
 11652 | D:9      | Gained mutation: Your magical capacity is low. (-10% MP) [mutagenic meat]
 11654 | D:9      | Gained mutation: You are partially covered in rugged brown scales. (AC +1, +3% HP) [mutagenic meat]
 11657 | D:9      | Lost mutation: You possess an exceptional clarity of mind. [potion of mutation]
 11657 | D:9      | Lost mutation: Your magical capacity is low. (-10% MP) [potion of mutation]
 11657 | D:9      | Lost mutation: You are partially covered in iridescent scales. (AC +2) [potion of mutation]
 11657 | D:9      | Lost mutation: You can translocate small distances at will. [potion of mutation]
 11657 | D:9      | Lost mutation: You are partially covered in rugged brown scales. (AC +1, +3% HP) [potion of mutation]
 11657 | D:9      | Gained mutation: You are weak. (Str -2) [potion of mutation]
 11657 | D:9      | Gained mutation: You expend magic power (3 MP) to strengthen your wands. [potion of mutation]
 11657 | D:9      | Gained mutation: Your spells are a little harder to cast, but a little more powerful. [potion of mutation]
 12052 | D:10     | Entered Level 10 of the Dungeon
 12086 | D:10     | Reached skill level 9 in Earth Magic
 12158 | D:10     | Found a shattered altar of Ashenzari.
 12166 | D:10     | Noticed a gargoyle
 12171 | D:10     | Killed a gargoyle
 12171 | D:10     | Reached skill level 1 in Necromancy
 12171 | D:10     | Reached skill level 1 in Invocations
 12354 | D:10     | Found Hefop's Magic Scroll Shoppe.
 12357 | D:10     | Bought a scroll of identify for 32 gold pieces
 12357 | D:10     | Bought a scroll of identify for 32 gold pieces
 12357 | D:10     | Bought a scroll of identify for 32 gold pieces
 12362 | D:10     | Bought a scroll of enchant armour for 120 gold pieces
 12362 | D:10     | Bought a scroll of identify for 32 gold pieces
 12362 | D:10     | Bought a scroll of identify for 32 gold pieces
 12362 | D:10     | Bought a scroll of identify for 32 gold pieces
 12362 | D:10     | Bought a scroll of enchant armour for 120 gold pieces
 12396 | D:10     | Noticed a two-headed ogre
 12402 | D:10     | Killed a two-headed ogre
 12402 | D:10     | Reached skill level 1 in Charms
 12402 | D:10     | Reached skill level 1 in Evocations
 12402 | D:10     | Reached XP level 11. HP: 59/59 MP: 11/21
 12659 | D:11     | Found a staircase to the Lair.
 12844 | D:11     | Noticed a centaur warrior
 12859 | D:11     | Killed a centaur warrior
 12953 | D:11     | Found a sparkling altar of Nemelex Xobeh.
 13462 | D:9      | Noticed a red ugly thing
 13475 | D:9      | Killed a red ugly thing
 13671 | D:11     | Reached *** piety under Hepliaklqana
 13679 | D:11     | Noticed a cyclops
 13695 | D:11     | Killed a cyclops
 13914 | Lair:1   | Entered Level 1 of the Lair of Beasts
 13920 | Lair:1   | Noticed Gastronok
 14112 | Lair:1   | Killed Gastronok
 14616 | Lair:1   | Noticed Grum
 14626 | Lair:1   | Killed Grum
 14708 | Lair:1   | Noticed an eight-headed hydra
 14714 | Lair:1   | Noticed an alligator
 14714 | Lair:1   | an eight-headed hydra changed into an alligator
 14728 | Lair:1   | Killed an alligator
 14728 | Lair:1   | Reached XP level 12. HP: 50/67 MP: 13/24
 15169 | Lair:1   | Reached skill level 10 in Earth Magic
 15716 | Lair:2   | Reached **** piety under Hepliaklqana
 15759 | Lair:2   | Noticed an eight-headed hydra
 15774 | Lair:2   | Killed an eight-headed hydra
 16486 | Lair:3   | Found a staircase to the Swamp.
 16747 | Lair:3   | Noticed a death yak
 16749 | Lair:3   | Noticed a death yak
 16833 | Lair:2   | Killed a death yak
 16861 | Lair:3   | Killed a death yak
 17830 | Lair:4   | Reached XP level 13. HP: 26/72 MP: 20/25
 18140 | Lair:3   | Reached skill level 10 in Conjurations
 18361 | Lair:4   | Noticed greprep's ghost (journeyman MiFi)
 18689 | Lair:4   | Reached skill level 5 in Dodging
 18988 | Lair:4   | Got a shimmering robe
 19044 | Lair:3   | Identified the +0 robe "Zasab" {rN+} (You found it on level 4 of the Lair of Beasts)
 19164 | Lair:4   | Found a hole to the Spider Nest.
 19695 | Lair:3   | HP: 1/73 [spiny frog (14)]
 20150 | Lair:3   | Reached skill level 10 in Fighting
 20603 | Lair:5   | Found a frozen archway.
 20616 | IceCv    | Entered an ice cave
 20662 | IceCv    | Reached skill level 11 in Earth Magic
 21446 | IceCv    | Got a pair of heavily runed gloves
 21452 | IceCv    | Identified the +1 pair of gloves of the Komodo Dragon {Int+7} (You found it in an ice cave)
 21982 | Lair:5   | Reached ***** piety under Hepliaklqana
 22362 | Lair:6   | Entered Level 6 of the Lair of Beasts
 22407 | Lair:6   | Gained mutation: Your large and strong wings let you fly indefinitely. [Gargoyle growth]
 22407 | Lair:6   | Reached XP level 14. HP: 79/79 MP: 15/27
 22577 | Lair:6   | Found a staircase to the Slime Pits.
 22578 | Lair:6   | Found a viscous altar of Jiyva.
 22858 | Lair:6   | Reached skill level 10 in Spellcasting
 23524 | Lair:5   | Reached skill level 5 in Transmutations
 24341 | Lair:6   | Reached skill level 12 in Earth Magic
 25999 | D:12     | Noticed Erolcha
 26021 | D:12     | Killed Erolcha
 26222 | D:12     | Noticed Wanze's ghost (journeyman DrHu)
 26243 | D:12     | Killed Wanze's ghost
 26666 | Orc:1    | Entered Level 1 of the Orcish Mines
 26674 | Orc:1    | Noticed Maurice
 26753 | D:9      | Killed Maurice
 26927 | Orc:1    | Reached XP level 15. HP: 75/85 MP: 25/29
 27310 | Orc:1    | Found a roughly hewn altar of Beogh.
 27527 | Orc:2    | Entered Level 2 of the Orcish Mines
 27527 | Orc:2    | Noticed an orc warlord
 28358 | Orc:2    | Noticed an orc warlord
 28517 | Orc:1    | Killed an orc warlord
 28785 | Orc:1    | HP: 4/85 [something (8)]
 28845 | Orc:1    | Killed an orc warlord
 28991 | Orc:1    | Reached skill level 10 in Armour
 29152 | Orc:2    | Found a staircase to the Elven Halls.
 30712 | Orc:2    | Reached skill level 13 in Earth Magic
 30714 | Orc:2    | Gained mutation: You are frail. (-10% HP) [mutagenic glow]
 30716 | Orc:2    | Lost mutation: You expend magic power (3 MP) to strengthen your wands. [potion of mutation]
 30716 | Orc:2    | Lost mutation: You are weak. (Str -2) [potion of mutation]
 30716 | Orc:2    | Gained mutation: You have a pair of small horns on your head. [potion of mutation]
 30716 | Orc:2    | Gained mutation: Your muscles are strong. (Str +2) [potion of mutation]
 30847 | Orc:2    | Gained mutation: You are clumsy. (Dex -2) [mutagenic glow]
 30957 | Orc:2    | Found Avamoq's Armour Emporium.
 30957 | Orc:2    | Found Zuigal's Jewellery Emporium.
 30958 | Orc:2    | Found Dap Coxkayt's Food Boutique.
 30958 | Orc:2    | Found Feqesero's Distillery.
 30978 | Orc:2    | Bought a potion of curing for 42 gold pieces
 31866 | D:13     | Reached ****** piety under Hepliaklqana
 32282 | D:14     | Gained mutation: You are resistant to hostile enchantments. (MR+) [mutagenic meat]
 32337 | D:14     | Lost mutation: Your muscles are strong. (Str +2) [potion of mutation]
 32337 | D:14     | Lost mutation: You have a pair of small horns on your head. [potion of mutation]
 32337 | D:14     | Lost mutation: You are frail. (-10% HP) [potion of mutation]
 32337 | D:14     | Gained mutation: Your spells are harder to cast, but more powerful. [potion of mutation]
 32337 | D:14     | Gained mutation: Your spells are much harder to cast, but much more powerful. [potion of mutation]
 32337 | D:14     | Gained mutation: You are somewhat resistant to further mutation. [potion of mutation]
 32519 | Orc:2    | Bought an uncursed ring of wizardry for 540 gold pieces
 32519 | Orc:2    | Bought a +5 ring of protection for 990 gold pieces
 33681 | D:14     | Found a gate to the Vaults.
 33942 | D:15     | Entered Level 15 of the Dungeon
 33950 | D:15     | Learned a level 1 spell: Summon Butterflies
 34061 | D:15     | Found a staircase to the Depths.
 34066 | D:15     | Reached skill level 1 in Shields
 34158 | D:15     | Reached XP level 16. HP: 90/90 MP: 15/31
 34490 | D:15     | Reached skill level 5 in Invocations
 35185 | Spider:1 | Entered Level 1 of the Spider Nest
 35326 | Spider:1 | Reached skill level 5 in Evocations
 35525 | Lair:4   | Reached skill level 14 in Earth Magic
 36010 | Spider:2 | Noticed Jorgrun
 36129 | Spider:2 | Killed from afar by Jorgrun

Skill      XL: |  1  2  3  4  5  6  7  8  9 10 11 12 13 14 15 16 |
---------------+-------------------------------------------------+-----
Earth Magic    | 4 5 6 7 8 9 10 11 12 13 14 | 14.1
Armour         | 1 2 3 5 6 7 10 | 10.1
Fighting       | 1 2 3 4 5 6 8 9 10 11 | 11.3
Spellcasting   | 3 4 5 6 7 8 9 10 11 12 | 12.0
Conjurations   | 1 2 4 6 7 9 10 11 12 | 12.4
Dodging        | 2 3 4 5 6 |  6.1
Transmutations | 2 3 4 5 |  5.5
Staves         | 1 |  1.0
Necromancy     | 1 2 4 |  4.7
Invocations    | 1 2 3 4 5 |  5.3
Charms         | 1 2 3 4 |  4.8
Evocations     | 1 2 4 5 |  5.1
Shields        | 2 4 |  4.0
Short Blades   | |  0.5
Stealth        | |  2.1

Action                   |  1- 3 |  4- 6 |  7- 9 | 10-12 | 13-15 | 16-18 || total
-------------------------+-------+-------+-------+-------+-------+-------++-------
Melee: Club              |    26 |       |       |       |       |       ||    26
       Unarmed           |    11 |       |       |       |       |       ||    11
       Dagger            |     3 |    12 |       |       |       |       ||    15
       Short sword       |     4 |    15 |       |       |       |       ||    19
       Flail             |       |    37 |   123 |       |       |       ||   160
       Quarterstaff      |       |       |    62 |   258 |   464 |    11 ||   795
       Staff             |       |       |       |    20 |   202 |    53 ||   275
       Headbutt          |       |       |       |       |     2 |       ||     2
 Cast: Sandblast         |    30 |    77 |    17 |     1 |       |       ||   125
       Stone Arrow       |       |     6 |   103 |   147 |   461 |    91 ||   808
       Lee's Rapid Decon |       |       |     6 |     7 |    74 |    12 ||    99
       Petrify           |       |       |       |    20 |    64 |       ||    84
       Regeneration      |       |       |       |    12 |    65 |     5 ||    82
       Passwall          |       |       |       |       |     1 |     2 ||     3
Invok: Recall Ancestor   |       |       |     1 |     3 |    23 |     3 ||    30
       Ancestor Identity |       |       |     1 |       |       |       ||     1
       Ancestor Life: Kn |       |       |       |     1 |       |       ||     1
       Transference      |       |       |       |     1 |     3 |     1 ||     5
       Idealise          |       |       |       |     1 |       |       ||     1
  Use: Scroll            |     5 |     5 |     4 |    22 |    19 |     1 ||    56
       Potion            |       |       |     2 |     1 |     8 |       ||    11
 Stab: Sleeping          |       |     1 |     1 |     2 |     1 |       ||     5
       Paralysed         |       |       |     1 |     6 |     4 |       ||    11
       Distracted        |       |       |     2 |     1 |     5 |       ||     8
       Petrified         |       |       |       |    34 |   109 |       ||   143
       Petrifying        |       |       |       |     1 |     5 |       ||     6
  Eat: Chunk             |     4 |     9 |    21 |    30 |    54 |     3 ||   121
       Bread ration      |       |       |     2 |       |       |       ||     2
       Fruit             |       |       |     1 |     5 |    13 |     5 ||    24
Armor: Robe              |    16 |       |    27 |   188 |   499 |       ||   730
       Leather armour    |     3 |    35 |    99 |       |       |       ||   137
       Chain mail        |       |       |       |       |   260 |   162 ||   422
       Ring mail         |       |       |       |       |     3 |       ||     3
Dodge: Dodged            |    32 |    56 |   165 |   225 |   730 |    46 ||  1254
Block: Buckler           |       |       |       |       |       |    26 ||    26
